AoeStats
← thomasphuong.le

African Clearing

510877918Analyzed
3v3 RM · 14h ago on Oct 2, 2026· 54m 21s· 6 players
Game mode
Random Map
Map size
Normal (6 player)
Population
200
Speed
Normal
Resources
Standard
Victory
Conquest
Starting age
Dark Age
Ending age
Imperial Age
RankedLock teamsTeams togetherTeam positionsShared explorationLock speedFull tech treeHidden civsTurbo modeCheats
Victory
Defeat
🇨🇴 Persians · Colombia
1406
+14
🇺🇸 Varangians · United States
1405
+14
🇨🇴 Huns · Colombia
1367
+15
🇫🇷 Berbers · France
1371
-15
🇫🇷 Japanese · France
1350
-14
🇫🇷 Mongols · France
1340
-14
LONG
6:34 Loom
14:13 Feudal Age
19:26 Double-Bit Axe
25:48 Horse Collar
33:03 Castle Age
31:07 Fletching
31:23 Scale Mail Armor
34:04 Chain Mail Armor
34:23 Forging
36:27 Wheelbarrow
35:37 Town Watch
36:20 Fletching
39:50 Squires
40:27 Iron Casting
40:18 Hand Cart
39:57 Pikeman
42:44 Gold Mining
43:33 Bloodlines
43:24 Husbandry
44:24 Bow Saw
45:27 Bodkin Arrow
46:09 Padded Archer Armor
49:39 Imperial Age
47:49 Ballistics
47:10 Treadmill Crane
49:55 Stone Mining
49:45 Halberdier
51:00 Plate Mail Armor
51:10 Conscription
52:11 Blast Furnace
thomasphuong.le
5:55 Loom
13:58 Feudal Age
17:56 Castle Age
26:28 Squires
26:56 Scale Mail Armor
27:45 Pikeman
29:39 Double-Bit Axe
31:20 Wheelbarrow
31:06 Chain Mail Armor
39:50 Imperial Age
39:47 Stone Mining
40:34 Hand Cart
41:06 Conscription
41:59 Plate Mail Armor
41:41 Horse Collar
42:54 Forging
46:11 Iron Casting
48:03 Stone Shaft Mining
48:41 Chemistry
53:29 Blast Furnace
phile.asur
14:08 Feudal Age
12:24 Loom
17:32 Castle Age
15:25 Double-Bit Axe
15:34 Gold Mining
15:27 Horse Collar
16:33 Forging
17:50 Scale Barding Armor
18:44 Bow Saw
21:17 Husbandry
23:00 Chain Barding Armor
38:17 Stone Mining
41:18 Wheelbarrow
43:58 Bloodlines
48:35 Imperial Age
49:13 Iron Casting
49:31 Fletching
49:41 Padded Archer Armor
50:44 Bodkin Arrow
LMG_Leonardo
8:53 Loom
11:21 Feudal Age
12:04 Double-Bit Axe
14:00 Bloodlines
22:17 Castle Age
21:15 Scale Barding Armor
22:49 Forging
23:23 Chain Barding Armor
35:28 Wheelbarrow
35:16 Husbandry
37:41 Hand Cart
41:20 Imperial Age
40:42 Gold Mining
41:25 Vendel Legacy
42:45 Plate Barding Armor
42:46 Iron Casting
45:49 Cavalier
47:32 Blast Furnace
46:39 Light Cavalry
53:57 Bow Saw
53:29 Horse Collar
LMG_SON SABANDIJAS
4:55 Loom
19:28 Feudal Age
19:57 Double-Bit Axe
24:38 Castle Age
25:39 Horse Collar
27:13 Wheelbarrow
30:24 Fletching
32:39 Forging
34:36 Hand Cart
42:58 Imperial Age
47:16 Cavalier
50:23 Bloodlines
50:29 Bloodlines
50:17 Savar
51:29 Husbandry
52:37 Iron Casting
52:08 Scale Barding Armor
54:30 Chain Barding Armor
55:11 Blast Furnace
LMG_HERA DE TEMU
8:52 Loom
13:41 Feudal Age
14:13 Double-Bit Axe
23:51 Castle Age
23:52 Fletching
24:53 Bow Saw
24:52 Bodkin Arrow
25:05 Gold Mining
25:26 Padded Archer Armor
25:26 Town Watch
25:56 Husbandry
29:58 Leather Archer Armor
34:25 Wheelbarrow
33:35 Horse Collar
38:16 Thumb Ring
39:04 Gold Shaft Mining
38:33 Heavy Plow
43:15 Ballistics
43:10 Stone Mining
46:16 Imperial Age
47:31 Parthian Tactics
48:23 Chemistry
47:24 Bracer
49:24 Two-Man Saw
51:55 Conscription
54:46 Hand Cart
Connection lost

Rejoining the realm…

Still unreachable

The connection could not be restored.

Session expired

The server has moved on; the page needs a fresh start.